 Dungeon Crawl Stone Soup version 0.26-a0-663-g36e8fdb655 (webtiles) character file.

Game seed: 7607026264904080388

51690 Kinoniko the Impaler (level 14, -3/161 HPs)
             Began as an Ogre Berserker on Oct 12, 2020.
             Was a High Priest of Trog.
             Slain by a spectral wyvern (14 damage)
             ... called from beyond by a ghost crab
             ... on level 3 of the Lair of Beasts.
             The game lasted 00:41:00 (19708 turns).

Kinoniko the Impaler (Ogre Berserker)              Turns: 19708, Time: 00:41:00

Health: -3/161     AC:  5    Str: 24    XL:     14   Next: 60%
Magic:  14/14      EV: 16    Int: 11    God:    Trog [*****.]
Gold:   1343       SH:  0    Dex: 18    Spells: 13/13 levels left

rFire    . . .     SeeInvis +   q - +3 lajatang of Harmony {vamp, rElec Dex+6}
rCold    . . .     Faith    .   (shield currently unavailable)
rNeg     . . .     Spirit   .   x - +1 troll leather armour
rPois    .         Reflect  .   I - +0 hat {Int+3}
rElec    +         Harm     .   s - +2 cloak
rCorr    .         Rampage  .   (gloves unavailable)
MR       +....                  (boots unavailable)
Stlth    +.........             e - amulet of the acrobat
HPRegen  0.76/turn              n - ring of see invisible
MPRegen  0.14/turn              N - +4 ring of protection

@: about to teleport, corroded, drained
A: large, unfitting armour, tough skin 1
a: Berserk, Trog's Hand, Brothers in Arms, Renounce Religion


You were on level 3 of the Lair of Beasts.
You worshipped Trog.
Trog was extremely pleased with you.
You visited 2 branches of the dungeon, and saw 18 of its levels.
You also visited: Volcano.

You collected 1343 gold pieces.

Inventory:

Hand Weapons
 c - a +3 antimagic trident
 q - the +3 lajatang of Harmony (weapon) {vamp, rElec Dex+6}
   (You found it on level 3 of the Lair of Beasts)

   It inflicts no extra harm, but heals its wielder when it wounds a living foe.
   It affects your dexterity (+6).
   It insulates you from electricity.
 y - a +5 halberd of flaming
 P - a +2 vorpal bardiche
Armour
 f - a +2 robe of magic resistance
 k - a +3 kite shield
 l - a scarf of shadows
 o - a +2 robe of fire resistance
 s - a +2 cloak (worn)
 x - a +1 troll leather armour (worn)
 B - a +2 robe of cold resistance
 I - a +0 hat of intelligence (worn)
Jewellery
 e - an amulet of the acrobat (around neck)
 n - a ring of see invisible (left hand)
 p - an uncursed ring of stealth
 N - a +4 ring of protection (right hand)
Wands
 a - a wand of digging (7)
 i - a wand of iceblast (8)
 j - a wand of paralysis (29)
 u - a wand of acid (36)
 C - a wand of random effects (21)
 L - a wand of disintegration (10)
 M - a wand of enslavement (11)
Scrolls
 h - 2 scrolls of remove curse
 m - 2 scrolls of fear
 t - a scroll of identify
 w - a scroll of silence
 K - 4 scrolls of noise
Potions
 b - 5 potions of mutation
 d - 5 potions of curing
 g - 2 potions of brilliance
 r - 2 potions of stabbing
 z - 5 potions of flight
 A - 3 potions of haste
 D - a potion of magic
 F - a potion of cancellation
 G - a potion of berserk rage {unknown}
 H - a potion of resistance
Miscellaneous
 E - a phial of floods


   Skills:
 * Level 15.8(15.0) Fighting
 - Level 16.3(15.5) Polearms
 + Level 2.2(1.6) Armour
 * Level 10.4(9.7) Dodging
 - Level 9.0(8.3) Shields


You had 13 spell levels left.
You didn't know any spells.
Your spell library contained the following spells:

 Spells                   Type           Power        Failure   Level
 Apportation              Tloc           #.....       38%         1
 Freeze                   Ice            #...         38%         1
 Frozen Ramparts          Ice            #.....       77%         3
 Lesser Beckoning         Tloc           #.........   77%         3
 Ozocubu's Armour         Ice            #.......     77%         3
 Tukima's Dance           Hex            #.......     77%         3
 Hailstorm                Conj/Ice       #.......     99%         4
 Summon Ice Beast         Ice/Summ       #.......     99%         4
 Alistair's Intoxication  Tmut/Pois      #........    100%        5
 Invisibility             Hex            #.......     100%        6


Dungeon Overview and Level Annotations

Branches:
Dungeon (12/15)            Temple (0/1) D:7            Lair (6/6) D:11
  Swamp (0/4) Lair:2       Spider (0/4) Lair:3          Orc (0/2) D:9
Volcano (visited)
  Slime: Lair:5-6

Altars:
Ashenzari
Cheibriados
Fedhas
Gozag
Kikubaaqudgha
Makhleb
Nemelex Xobeh
Ru
Uskayaw
Vehumet
Wu Jian
Zin
The Shining One
Beogh

Annotations:
D:11 exclusion: ice statue
Lair:2 3 runed translucent doors, Birvald's ghost, journeyman GrEE


Innate Abilities, Weirdness & Mutations

You are too large for most types of armour.
You have tough skin. (AC +1)


Message History

As you read the scroll of holy word, it crumbles to dust.
You speak a Word of immense power!
The spectral wyvern convulses!
The spectral lindwurm convulses!
The spectral water moccasin convulses!
The ghost crab convulses!
The spectral blink frog convulses!
You are engulfed in spectral mist.
* * * LOW HITPOINT WARNING * * *
The spectral lindwurm is lost in a daze.
The ghost crab is lost in a daze.
The spectral wyvern bites you but does no damage.
As you read the scroll of teleportation, it crumbles to dust.
You feel strangely unstable.
You are engulfed in spectral mist.
* * * LOW HITPOINT WARNING * * *
The spectral water moccasin is lost in a daze.
The spectral wyvern misses you. The spectral lindwurm misses you. x2
The spectral lindwurm claws you.
* * * LOW HITPOINT WARNING * * *
The ghost crab is lost in a daze.
The spectral water moccasin is lost in a daze.
The spectral wyvern bites you!
You die...

# ########## #######
####..##.##.### ...##P### ###
##..............
....#.P.######.###...#####..#...#
..............###.....###††#####.
#...###.......# #..............>#
..#####....#..# #......#...##.#..
..# #..#'##############†.#####.#
.## ##.#.#..t.Z@ZZZ○..###### #..
..# #.#.#.##########○# #..###..
.######.#.# #○###.......
####....#.# #.#.....(...
........#.# #.########..
...#..#.#.# #.#####.#...
........#.# #.#..#.#.#.#
##......#.############.#.........
#P......#..............#.........


You could see a ghost crab (dazed), a spectral water moccasin (summoned, dazed),
a spectral blink frog (summoned, dazed), a spectral wyvern (summoned, dazed) and
a spectral lindwurm (summoned, dazed).

Vanquished Creatures
  Kirke (Lair:4)
  Gastronok (Lair:2)
  An entropy weaver (Lair:3)
  Fannar (D:10)
  Harold (Lair:2)
  3 hydras
  A boulder beetle (D:11)
  A dancing weapon (Volcano)
  2 two-headed ogres
  4 fire crabs (Lair:3)
  A lindwurm (Lair:4)
  Pikel (D:4)
  5 wizards (Volcano)
  A cyclops (shapeshifter) (D:11)
  5 toenail golems (Volcano)
  3 black mambas
  3 elephants (Lair:3)
  A gargoyle (D:11)
  9 cane toads
  7 komodo dragons
  4 rime drakes
  A kobold demonologist (D:11)
  2 polar bears (Lair:3)
  2 trolls
  12 blink frogs
  Prince Ribbit (D:7)
  A hornet (D:7)
  A wraith (D:11)
  49 yaks
  Eustachio (D:6)
  A basilisk (Lair:1)
  A hog (Lair:4)
  Edmund (D:6)
  Menkaure (D:5)
  8 water moccasins
  Duvessa (D:5)
  5 black bears
  5 ice beasts
  8 orc warriors
  A phantom (D:7)
  7 ogres
  3 necrophages
  10 wolves
  7 centaurs
  A lemure (D:4)
  3 big kobolds
  20 bullfrogs
  A gnoll sergeant (D:7)
  6 scorpions
  A wyvern skeleton (D:8)
  Dowan (D:5)
  9 wights
  6 killer bees (D:7)
  4 howler monkeys
  4 electric eels
  2 bullfrog zombies
  3 hounds
  A quasit (D:8)
  3 bullfrog skeletons
  5 jellies
  8 orc priests
  5 orc wizards
  9 iguanas
  9 worker ants
  2 hound zombies
  A hound skeleton (D:4)
  10 adders
  7 gnolls
  A howler monkey skeleton (D:7)
  3 shadow imps
  4 white imps
  3 oozes
  An adder skeleton (D:9)
  7 worms
  5 dart slugs
  9 leopard geckos
  62 orcs
  2 ball pythons
  4 giant cockroaches
  5 goblins
  8 hobgoblins
  16 jackals
  3 quokkas
  8 bats
  6 frilled lizards
  11 kobolds
  8 rats
472 creatures vanquished.

Vanquished Creatures (collateral kills)
  3 yaks (Lair:3)
3 creatures vanquished.

Vanquished Creatures (others)
  An entropy weaver (Lair:3)
  58 fungi
  58 plants
117 creatures vanquished.

Grand Total: 592 creatures vanquished

Notes
Turn   | Place    | Note
-------+----------+-------------------------------------------
     0 | D:1      | Kinoniko the Ogre Berserker began the quest for the Orb.
     0 | D:1      | Reached XP level 1. HP: 24/24 MP: 1/1
    40 | D:1      | Reached XP level 2. HP: 24/32 MP: 2/2
   347 | D:1      | Reached ** piety under Trog
   347 | D:1      | Reached XP level 3. HP: 34/39 MP: 3/3
  1172 | D:2      | Reached skill level 4 in Polearms
  1374 | D:2      | Reached XP level 4. HP: 46/48 MP: 4/4
  1904 | D:2      | Found a faded altar of an unknown god.
  1963 | D:3      | Reached XP level 5. HP: 54/54 MP: 5/5
  2047 | D:3      | Found a burning altar of Makhleb.
  2095 | D:3      | Reached *** piety under Trog
  2273 | D:3      | Reached skill level 5 in Polearms
  2774 | D:4      | Noticed a lemure
  2775 | D:4      | Noticed a lemure
  2775 | D:4      | Noticed a lemure
  2776 | D:4      | Noticed Pikel
  2777 | D:4      | Noticed a lemure
  2789 | D:4      | Killed a lemure
  2820 | D:4      | Killed Pikel
  2820 | D:4      | Reached skill level 6 in Polearms
  2820 | D:4      | Reached XP level 6. HP: 34/62 MP: 6/6
  2820 | D:4      | Reached XP level 7. HP: 39/70 MP: 7/7
  3080 | D:4      | Reached skill level 7 in Polearms
  3108 | D:4      | Found a sacrificial altar of Ru.
  3178 | D:4      | Reached skill level 5 in Dodging
  3280 | D:4      | Found a snail-covered altar of Cheibriados.
  3472 | D:4      | Reached skill level 5 in Fighting
  3680 | D:5      | Entered Level 5 of the Dungeon
  3823 | D:5      | Reached XP level 8. HP: 80/80 MP: 8/8
  3969 | D:5      | Noticed Menkaure
  3979 | D:5      | Killed Menkaure
  3979 | D:5      | Reached skill level 8 in Polearms
  4198 | D:5      | Found a sparkling altar of Nemelex Xobeh.
  4211 | D:5      | Reached skill level 1 in Shields
  4499 | D:5      | Noticed Dowan
  4511 | D:5      | Noticed Duvessa
  4516 | D:5      | Killed Dowan
  4516 | D:5      | Reached **** piety under Trog
  4525 | D:5      | Killed Duvessa
  5231 | D:6      | Noticed Edmund
  5269 | D:6      | Reached skill level 12 in Polearms
  5269 | D:6      | Reached XP level 9. HP: 76/105 MP: 9/9
  5270 | D:6      | Reached XP level 10. HP: 83/113 MP: 10/10
  5320 | D:6      | Killed Edmund
  5614 | D:6      | Reached XP level 11. HP: 120/120 MP: 11/11
  5638 | D:6      | Found an opulent altar of Gozag.
  5852 | D:6      | Found a radiant altar of Vehumet.
  5871 | D:6      | Noticed Eustachio
  5881 | D:6      | Killed Eustachio
  6072 | D:7      | Paralysed by a hornet for 2 turns
  6469 | D:7      | Noticed Prince Ribbit
  6485 | D:7      | Killed Prince Ribbit
  6687 | D:7      | Found an ancient bone altar of Kikubaaqudgha.
  7007 | D:7      | Found a staircase to the Ecumenical Temple.
  7559 | D:8      | Reached ***** piety under Trog
  7993 | D:8      | Noticed a two-headed ogre
  8004 | D:8      | Killed a two-headed ogre
  8004 | D:8      | Reached skill level 13 in Polearms
  8598 | D:8      | Found an ornate altar of the Wu Jian Council.
  8840 | D:8      | Found a roughly hewn altar of Beogh.
  8981 | D:8      | Found a glowing golden altar of the Shining One.
  9559 | D:9      | Found a broken altar of Ashenzari.
  9561 | D:9      | Found a glowing silver altar of Zin.
 10180 | D:9      | Found a hide-covered altar of Uskayaw.
 10190 | D:9      | Found a blossoming altar of Fedhas.
 10644 | D:9      | Received a gift from Trog
 10758 | D:9      | Found a staircase to the Orcish Mines.
 10841 | D:10     | Entered Level 10 of the Dungeon
 10874 | D:10     | Noticed a two-headed ogre
 10883 | D:10     | Killed a two-headed ogre
 10883 | D:10     | Reached XP level 12. HP: 133/133 MP: 4/12
 11270 | D:10     | Noticed Fannar
 11286 | D:10     | Killed Fannar
 11949 | D:11     | Noticed a boulder beetle
 11961 | D:11     | Killed a boulder beetle
 12160 | D:11     | Found a staircase to the Lair.
 12178 | D:11     | Reached skill level 14 in Polearms
 12576 | D:11     | Received a gift from Trog
 12991 | Lair:1   | Entered Level 1 of the Lair of Beasts
 13073 | Lair:1   | Noticed a four-headed hydra
 13088 | Lair:1   | Killed a four-headed hydra
 14205 | Lair:2   | Found a dark tunnel.
 14216 | Volcano  | Entered a volcano
 14234 | Volcano  | Reached XP level 13. HP: 144/144 MP: 4/13
 14412 | Volcano  | Reached skill level 15 in Polearms
 14842 | Lair:2   | Noticed Gastronok
 14853 | Lair:2   | Killed Gastronok
 14945 | Lair:2   | Found a runed translucent gate.
 14945 | Lair:2   | Found a runed translucent gate.
 14945 | Lair:2   | Found a runed translucent gate.
 14965 | Lair:2   | Noticed Harold
 14992 | Lair:2   | Killed Harold
 15489 | Lair:2   | Found a staircase to the Swamp.
 15650 | Lair:2   | Noticed Birvald's ghost (journeyman GrEE)
 16650 | Lair:3   | Reached skill level 16 in Polearms
 16707 | Lair:3   | Found a runed translucent door.
 16711 | Lair:3   | Received a gift from Trog
 16781 | Lair:3   | Reached XP level 14. HP: 114/157 MP: 14/14
 17049 | Lair:3   | Noticed an entropy weaver
 17058 | Lair:3   | Killed an entropy weaver
 17459 | Lair:3   | Noticed an entropy weaver
 17794 | Lair:3   | Got a bloodstained lajatang
 17795 | Lair:3   | Identified the cursed +3 lajatang of Harmony {vamp, rElec
                  | Dex+6} (You found it on level 3 of the Lair of Beasts)
 17810 | Lair:3   | Found a hole to the Spider Nest.
 17840 | Lair:3   | Reached skill level 15 in Fighting
 18428 | Lair:3   | You fall into a shaft and drop 3 floors!
 18428 | Lair:6   | Entered Level 6 of the Lair of Beasts
 18615 | Lair:4   | Reached skill level 1 in Armour
 18615 | Lair:4   | Reached skill level 10 in Dodging
 19189 | Lair:4   | Noticed Kirke
 19205 | Lair:4   | Killed Kirke
 19701 | Lair:3   | Killed an entropy weaver
 19708 | Lair:3   | Slain by a spectral wyvern

Illustrated notes

Levels and vault maps discovered:
D:1:      minmay_arrival_checkered_box, layout_basic, minmay_box_of_dots
D:2:      layout_basic, chequers_ecumenical_altar_lobes
D:3:      layout_basic, lemuel_doored_altar, due_unseen_surprise
D:4:      layout_basic, nicolae_ru_awakened_eye, kennysheep_slug_shrine,
          st_stairs_8, uniq_pikel
D:5:      layout_basic, nemelex_xobeh_ov_fountains_minmay, serial_glass,
          glass_columns_c, glass_columns_b, uniq_duvessa, uniq_menkaure
D:6:      layout_rooms, nicolae_gozag_cash_rules_everything_around_me,
          kennysheep_mini_moat, uniq_eustachio, uniq_edmund
D:7:      layout_loops_ring, nicolae_overflow_hidden_temple,
          minmay_temple_entry_offerings, uniq_prince_ribbit1
D:8:      layout_layer_cave, lemuel_coloured_pillars_altar, lemuel_round_altar,
          special_room [special_room_orc], minmay_circle_x
D:9:      layout_basic, lemuel_crystal_altar, ashenzari_altar_1,
          amethyst_overflow_temple_binary, david_orc_4
D:10:     layout_irregular_city, grunt_ministairs_10, uniq_fannar
D:11:     lemuel_ice_statue, layout_irregular_city, due_lair_maze_entry_diamond
D:12:     layout_gridville, serial_shops, nicolae_shop_behind_doors
Lair:1:   beast_lair_carwin_large_3, layout_cave_pods, serial_bayou_shore_a
Lair:2:   layout_gridlike, swamp_mist, enter_volcano_2, gammafunk_ghost_icy,
          uniq_harold, uniq_gastronok
Lair:3:   gammafunk_mikee_crab_dinner, layout_loops_ring,
          nicolae_spider_entry_non_spiders, gammafunk_lair_bear_cave,
          grunt_megastairs_1, lemuel_fruit_tree
Lair:4:   layout_loops_ring, uniq_kirke
Lair:5:   layout_regular_city, slime_altar_1, chequers_serial_rivers_room_a,
          serial_bayou_shore_b
Lair:6:   minmay_lair_end_frog_pond, layout_layer_cave, lemuel_fruit_fields,
          lemuel_fruit_fields

Skill      XL: |  1  2  3  4  5  6  7  8  9 10 11 12 13 14 |
---------------+-------------------------------------------+-----
Dodging        | 3 4 5 6 8 9 10 | 10.4
Polearms       | 4 6 7 12 13 14 16 | 16.3
Fighting       | 5 11 12 13 14 15 | 15.8
Shields        | 2 8 9 |  9.0
Armour         | 2 |  2.2

Action                   |  1- 3 |  4- 6 |  7- 9 | 10-12 | 13-15 || total
-------------------------+-------+-------+-------+-------+-------++-------
Melee: Spear             |   142 |   150 |   251 |   809 |       ||  1352
       Trident           |       |       |       |   182 |     7 ||   189
       Halberd           |       |       |       |   129 |   322 ||   451
       Lajatang          |       |       |       |       |   150 ||   150
Invok: Berserk           |     1 |     3 |     3 |    30 |    16 ||    53
       Trog's Hand       |       |       |       |     1 |     2 ||     3
       Brothers in Arms  |       |       |       |       |     1 ||     1
  Use: Scroll            |     3 |     5 |     3 |    14 |    14 ||    39
       Potion            |       |     8 |     4 |     4 |     4 ||    20
 Stab: Sleeping          |       |     7 |     6 |    37 |     4 ||    54
       Invisible         |       |     1 |       |    11 |       ||    12
       Distracted        |       |       |     1 |     2 |       ||     3
Armor: Animal skin       |    29 |    28 |     8 |       |       ||    65
       Robe              |       |       |    21 |    56 |     3 ||    80
       Troll leather arm |       |       |       |     6 |    97 ||   103
Dodge: Dodged            |    75 |    63 |    68 |   217 |   307 ||   730
Block: Kite shield       |       |       |    28 |   229 |       ||   257

Table legend: (Time is in decaauts)
 A = Elapsed time spent in this place.
 B = Non-inter-level travel time spent in this place.
 C = Inter-level travel time spent in this place.
 D = Time resting spent in this place.
 E = Time spent auto-exploring this place.
 F = Levels seen in this place.
 G = Mean time per level.
                   A        B        C        D        E       F      G
               +--------+--------+--------+--------+--------+-----+--------+
         Total |  19468 |  19089 |    379 |   6510 |   9177 |  19 | 1024.6 |
       Dungeon |  12707 |  12377 |    330 |   3904 |   6391 |  12 | 1058.9 |
          Lair |   6234 |   6186 |     48 |   2439 |   2708 |   6 | 1039.0 |
       Volcano |    527 |    527 |      0 |    165 |     78 |   1 |  527.0 |
               +--------+--------+--------+--------+--------+-----+--------+

Top non-repeatable levels by time:
  Lair:3: 2322 daAuts
     D:8: 1585 daAuts
     D:7: 1537 daAuts
  Lair:2: 1532 daAuts
     D:9: 1512 daAuts
  Lair:1: 1221 daAuts
     D:1: 1170 daAuts
     D:5: 1154 daAuts
    D:11: 1137 daAuts
     D:6: 1129 daAuts
  Lair:4: 1031 daAuts
    D:10: 985 daAuts
     D:4: 903 daAuts
     D:3: 793 daAuts
     D:2: 773 daAuts
